 Dungeon Crawl Stone Soup version 0.31-a0-889-g1a8549509d (webtiles) character file.

Game seed: 2974166537507820549

510 Kurtz the Chopper (level 7, 0/62 HPs)
             Began as a Naga Delver on Oct 16, 2023.
             Killed by nerve-wracking pain
             ... invoked by an orc priest
              (7 damage)
             ... on level 4 of the Dungeon.
             The game lasted 00:09:53 (4323 turns).

Kurtz the Chopper (Naga Delver)                     Turns: 4323, Time: 00:09:53

Health: 0/62       AC:  7    Str: 16    XL:     7   Next: 19%
Magic:  7/7        EV:  7    Int: 10    God:
Gold:   130        SH:  0    Dex: 13    Spells: 6/6 levels left

rFire   . . .        i - +0 war axe
rCold   . . .        (no shield)
rNeg    . . .        s - +0 scale mail
rPois   +            t - +0 helmet
rElec   .            (no cloak)
rCorr   .            (no gloves)
SInv    +            (no barding)
Will    .....        (no amulet)
Stlth   ++           (no ring)
HPRegen 0.30/turn    (no ring)
MPRegen 0.10/turn

%: no passive effects
@: brilliant, hasted, invisible, quick
A: AC +2, large, see invisible, deformed body, poison resistance, slowness 2,
spit poison 1, naga tail 1, screaming 1, shaggy fur 1
a: Spit Poison


You were on level 4 of the Dungeon.
You visited 1 branch of the dungeon, and saw 5 of its levels.

You collected 130 gold pieces.

Inventory:

Hand Weapons
 a - a +0 hand axe
 i - a +0 war axe (weapon)
Missiles
 h - 2 boomerangs
 x - 2 poisoned darts
Armour
 b - a +0 leather armour
 q - a +0 ring mail
 s - a +0 scale mail (worn)
 t - a +0 helmet (worn)
Wands
 f - a wand of paralysis (1) (quivered)
 g - a wand of digging (3)
 w - a wand of iceblast (11)
Scrolls
 c - 2 scrolls of fog
 d - a scroll of revelation
 e - a scroll of amnesia {unknown}
 j - a scroll of teleportation {unknown}
 k - a scroll of summoning {unknown}
 m - a scroll of poison {unknown}
 p - 3 scrolls of enchant armour {unknown}
 u - a scroll of vulnerability {unknown}
 v - a scroll of brand weapon {unknown}
 y - a scroll of enchant weapon {unknown}
 z - a scroll of fear
Potions
 r - a potion of haste


   Skills:
 - Level 3.0 Fighting
 * Level 7.6 Axes
 - Level 1.5 Dodging
 - Level 7.2 Stealth


You had 6 spell levels left.
You didn't know any spells.
Your spell library was empty.

Dungeon Overview and Level Annotations

Branches:
Dungeon (5/15)             Temple (0/1) D:5

Altars:
Ashenzari
Dithmenos
Hepliaklqana

Shops:
D:5 *[

Annotations:
D:1 exclusion: downstairs
D:3 2 transporters
D:5 exclusions: ogre and upstairs


Innate Abilities, Weirdness & Mutations

Your serpentine skin is tough. (AC +2)
You have supernaturally acute eyesight. (SInv)
Armour fits poorly on your strangely shaped body.
Your system is resistant to poisons. (rPois)
You cover ground very slowly.
You can spit poison.
You have a snake-like lower body.
You occasionally shout uncontrollably at your foes.
You are covered in fur. (AC +1)


Message History

You hit the orc priest but do no damage.
Unknown command.
It was a potion of invisibility.
You fade into invisibility!
The orc priest barely misses you. The orc priest hits you with a +0 mace.
* * * LOW HITPOINT WARNING * * *
It was a potion of mutation.
You feel extremely strange. Fur sprouts all over your body.
You feel the urge to shout. The orc priest completely misses you.
The orc priest hits you with a +0 mace.
* * * LOW HITPOINT WARNING * * *
It was a potion of brilliance.
You feel clever all of a sudden.
You barely miss the orc priest.
The orc priest is severely wounded.
You hit the orc priest but do no damage.
The orc priest hits you but does no damage.
The orc priest misses you.
Unknown command.
You hit the orc priest.
The orc priest is almost dead.
You hit the orc priest but do no damage.
The orc priest mumbles some strange prayers to Beogh against you.
Pain shoots through your body!
* * * LOW HITPOINT WARNING * * *
You completely miss the orc priest.
The orc priest is almost dead.
You closely miss the orc priest. You slash the orc priest!
You kill the orc priest!
You hit the orc priest.
You kill the orc priest!
Unknown command.
Items here: ))) [ †.
You barely miss the orc priest.
The orc priest hits you with a +0 flail.
* * * LOW HITPOINT WARNING * * *
You hit the orc priest but do no damage.
The orc priest calls down the wrath of Beogh upon you.
Pain shoots through your body!
You die...

..#*******,****,,*******,,,,,*,*,
..#*,,,,,,,,*,,,,,,* ***,,,,,*,,
≈..,,*****,*##,**,## *,*,,,,,*,,
~,**** **,,,#.,,,,.# **,,,,,***8
~,* *,,,,#.#**#.#***,*,,,,,*,,
~,* **,,,#..,,..*,,**,,,,,,*,,
,,* **,*##.##.##*,,,,,,,,,*,, ,,*
#.*#...o..#*,,,,,,,,*,*, ,**
#.*###.@###<,..?...*,*,* **
##'##).)...#*,.....*.*,*, *
##...##.##.##*,....*.#*,** **
##.......##..##,...*h#**,** ,***
##.......##*#.#.#.S*.#* *,*
,,,**#.........###.....*.#* *,*
,,,,,+.........'......#.### *,**
,,,**#.....†...###...>h...# ****
,*,* ##.......## ###.##.#.# *


You could see an orc priest (unable to see you).

Vanquished Creatures
  2 phantoms (D:4)
  A hound (D:4)
  A jelly (D:3)
  2 orc priests (D:4)
  Jessica (D:2)
  Natasha (D:4)
  Terence (D:2)
  Robin (D:2)
  3 gnolls
  2 adders
  3 dart slugs
  7 orcs
  8 endoplasms
  A giant cockroach (D:2)
  17 goblins
  9 hobgoblins
  10 jackals
  A quokka (D:2)
  9 ball pythons
  6 bats
  2 frilled lizards
  4 kobolds
  8 rats
100 creatures vanquished.

Vanquished Creatures (others)
  A hobgoblin (D:1)
  A quokka (D:1)
2 creatures vanquished.

Grand Total: 102 creatures vanquished

Notes
Turn   | Place    | Note
-------+----------+-------------------------------------------
     0 | D:5      | Kurtz the Naga Delver began the quest for the Orb.
     0 | D:5      | Reached XP level 1. HP: 21/21 MP: 1/1
    28 | D:5      | Found Xowuarch's CLEARANCE SALE!.
    31 | D:5      | Noticed an ogre
    32 | D:5      | Noticed an iguana
    86 | D:5      | Found Amattenn's Armour Emporium.
   104 | D:4      | Noticed Natasha
   104 | D:4      | Noticed a hound
   136 | D:5      | Found a shadowy altar of Dithmenos.
   161 | D:5      | Noticed an iguana
   266 | D:5      | Noticed an iguana
   273 | D:5      | Noticed a howler monkey
   282 | D:5      | Found a staircase to the Ecumenical Temple.
   287 | D:5      | Noticed a jelly
   359 | D:4      | Noticed a phantom
   382 | D:4      | Killed a phantom
   383 | D:4      | Reached XP level 2. HP: 10/28 MP: 2/2
   383 | D:4      | Reached XP level 3. HP: 13/34 MP: 3/3
   383 | D:4      | Reached XP level 4. HP: 16/42 MP: 4/4
   527 | D:4      | Noticed a phantom
   541 | D:4      | Killed a phantom
   542 | D:4      | Reached skill level 5 in Axes
   542 | D:4      | Reached XP level 5. HP: 18/49 MP: 5/5
   819 | D:3      | Found a transporter.
  2606 | D:2      | Noticed Robin
  2618 | D:2      | Reached XP level 6. HP: 56/56 MP: 6/6
  2945 | D:2      | Noticed Jessica
  3050 | D:2      | Killed Jessica
  3102 | D:2      | Noticed Terence
  3105 | D:2      | Killed Terence
  3157 | D:2      | Killed Robin
  3464 | D:3      | Identified the +2 robe "Lynung" {-Tele Harm MP+9 Str-5}
  3508 | D:3      | Found a transporter.
  3811 | D:3      | Found a hazy altar of Hepliaklqana.
  4028 | D:3      | Identified the +0 robe "Umeri" {rF+ Dex-4 Slay+3}
  4243 | D:4      | Found a broken altar of Ashenzari.
  4282 | D:4      | Killed Natasha
  4283 | D:4      | Reached XP level 7. HP: 52/62 MP: 7/7
  4314 | D:4      | Gained mutation: You are covered in fur. (AC +1) [potion of
                  | mutation]
  4314 | D:4      | Gained mutation: You occasionally shout uncontrollably at
                  | your foes. [potion of mutation]
  4323 | D:4      | Killed from afar by an orc priest

Illustrated notes

Levels and vault maps discovered:
D:1:      lemuel_arrival_lava_pool, layout_basic, lemuel_flame_loot_1
D:2:      layout_loops_cross, minmay_distorted, uniq_jessica, uniq_robin,
          uniq_terence
D:3:      gammafunk_steamed_eel, layout_basic, nzn_hepliaklqana_mist_gate
D:4:      wad_pebble_path, layout_loops_corners, hangedman_ru_absence,
          mainiacjoe_overflow_boulevard, minmay_misc_feat_alley,
          chequers_serial_rivers_micro_d, grunt_tough_drop, uniq_natasha
D:5:      layout_basic, amcnicky_altar_gilded, nicolae_dithmenos_shadow_blocks,
          kennysheep_mini, minmay_temple_entry_stoned_glass, serial_shops,
          nicolae_shop_gibbet_a_chance, nicolae_shop_clearance

Skill      XL: |  1  2  3  4  5  6 |
---------------+-------------------+-----
Axes           | 4 5 6 7 |  7.6
Fighting       | |  3.0
Dodging        | |  1.5
Stealth        | |  7.2

Action                     |  1- 3 |  4- 6 |  7- 9 || total
---------------------------+-------+-------+-------++-------
  Melee: Hand axe          |    25 |    37 |       ||    62
         War axe           |       |   194 |    20 ||   214
         Punch             |       |     7 |       ||     7
Ability: Spit Poison       |       |     2 |       ||     2
  Evoke: Wand              |       |     6 |       ||     6
    Use: Scroll            |     2 |       |       ||     2
         Potion            |     1 |       |     4 ||     5
   Stab: Sleeping          |       |    17 |       ||    17
         Paralysed         |       |     1 |       ||     1
 Armour: Leather armour    |    16 |    53 |       ||    69
         Ring mail         |       |    38 |       ||    38
         Scale mail        |       |   112 |    15 ||   127
  Dodge: Dodged            |    15 |   100 |     6 ||   121

Table legend: (Time is in decaauts)
 A = Elapsed time spent in this place.
 B = Non-inter-level travel time spent in this place.
 C = Inter-level travel time spent in this place.
 D = Time resting spent in this place.
 E = Time spent auto-exploring this place.
 F = Levels seen in this place.
 G = Mean time per level.
                   A        B        C        D        E       F      G
               +--------+--------+--------+--------+--------+-----+--------+
         Total |   5484 |   5077 |    407 |    935 |   2617 |   5 | 1096.8 |
       Dungeon |   5484 |   5077 |    407 |    935 |   2617 |   5 | 1096.8 |
               +--------+--------+--------+--------+--------+-----+--------+

Top non-repeatable levels by time:
     D:1: 1547 daAuts
     D:2: 1497 daAuts
     D:3: 1458 daAuts
     D:4: 572 daAuts
     D:5: 408 daAuts
